[Event "ICC tourney 2556 (25 5)"]
[Site "Internet Chess Club"]
[Date "2021.05.09"]
[Round "6"]
[White "FRIEDL, WILSON:K05-16885193"]
[Black "A FONSECA, ZURIEL:K05-17280892"]
[Result "1-0"]
[ICCResult "Black checkmated"]
[WhiteElo "493"]
[BlackElo "208"]
[Opening "Queen's pawn: Lundin (Kevitz-Mikenas) defense"]
[ECO "A40"]
[NIC "QO.17"]
[Time "13:33:22"]
[PlyCount "53"]
[TimeControl "1500+5"]

1. d4 Nc6 2. Nf3 Nf6 3. Bg5 d5 4. Nc3 e5 5. dxe5 Be6 6. exf6 Bd6 7. fxg7
Be5 8. Bxd8 Ne7 9. Bxe7 Kxe7 10. gxh8=Q Rxh8 11. Nxe5 Rg8 12. e3 Rg5 13.
Nf3 Rf5 14. Bd3 Rh5 15. Nd2 Bg4 16. Qxg4 Re5 17. O-O Re6 18. Bf5 Rg6 19.
Bxg6 fxg6 20. Nf3 Kf6 21. Nxd5+ Kg7 22. Rfd1 h5 23. Qd7+ Kf8 24. Rd4 Kg8
25. Rf4 c6 26. Re4 g5 27. Re8# { Black checkmated } 1-0

[Event "ICC tourney 2556 (25 5)"]
[Site "Internet Chess Club"]
[Date "2021.05.09"]
[Round "6"]
[White "AUSTIN YIM, ZACHERY:K05-16198943"]
[Black "LAYTON KOGAN, YELISEY:K05-17266128"]
[Result "1/2-1/2"]
[ICCResult "Game drawn by repetition"]
[WhiteElo "1101"]
[BlackElo "759"]
[Opening "Queen's pawn: Chigorin variation"]
[ECO "D00"]
[NIC "QP.08"]
[Time "13:32:11"]
[PlyCount "190"]
[TimeControl "1500+5"]

1. d4 d5 2. Nc3 Nf6 3. Bf4 Bf5 4. e3 e6 5. Nf3 Nc6 6. Nb5 Bd6 7. Nxd6+ cxd6
8. Bd3 Be4 9. O-O Qe7 10. Rc1 e5 11. dxe5 dxe5 12. Bg3 Bxf3 13. gxf3 Nh5
14. c4 d4 15. exd4 Nxd4 16. Re1 Qf6 17. Rxe5+ Kf8 18. Rxh5 Nxf3+ 19. Kh1 g6
20. Re5 Nxe5 21. Bxe5 Qxe5 22. Qf3 Qxb2 23. Rb1 Qg7 24. Rxb7 Qa1+ 25. Rb1
Qxa2 26. Qxa8+ Kg7 27. Qe4 a5 28. Qe5+ f6 29. Qe7+ Kh6 30. Qxf6 Qa3 31.
Bxg6 hxg6 32. Qxh8+ Kg5 33. Qe5+ Kh6 34. Rg1 Qf3+ 35. Rg2 Qd1+ 36. Rg1 Qf3+
37. Rg2 Qd1+ 38. Rg1 Qf3+ 39. Rg2 Qd1+ 40. Rg1 Qf3+ 41. Rg2 Qd1+ 42. Rg1
Qf3+ 43. Rg2 Qd1+ 44. Rg1 Qf3+ 45. Rg2 Qd1+ 46. Rg1 Qf3+ 47. Rg2 Qd1+ 48.
Rg1 Qf3+ 49. Rg2 Qd1+ 50. Rg1 Qf3+ 51. Rg2 Qd1+ 52. Rg1 Qf3+ 53. Rg2 Qd1+
54. Rg1 Qf3+ 55. Rg2 Qd1+ 56. Rg1 Qf3+ 57. Rg2 Qd1+ 58. Rg1 Qf3+ 59. Rg2
Qd1+ 60. Rg1 Qf3+ 61. Rg2 Qd1+ 62. Rg1 Qf3+ 63. Rg2 Qd1+ 64. Rg1 Qf3+ 65.
Rg2 Qd1+ 66. Rg1 Qf3+ 67. Rg2 Qd1+ 68. Rg1 Qf3+ 69. Rg2 Qd1+ 70. Rg1 Qf3+
71. Rg2 Qd1+ 72. Rg1 Qf3+ 73. Rg2 Qd1+ 74. Rg1 Qf3+ 75. Rg2 Qd1+ 76. Rg1
Qf3+ 77. Rg2 Qd1+ 78. Rg1 Qf3+ 79. Rg2 Qd1+ 80. Rg1 Qf3+ 81. Rg2 Qd1+ 82.
Rg1 Qf3+ 83. Rg2 Qd1+ 84. Rg1 Qf3+ 85. Rg2 Qd1+ 86. Rg1 Qf3+ 87. Rg2 Qd1+
88. Rg1 Qf3+ 89. Rg2 Qd1+ 90. Rg1 Qf3+ 91. Rg2 Qd1+ 92. Rg1 Qf3+ 93. Rg2
Qd1+ 94. Rg1 Qf3+ 95. Rg2 Qd1+ { Game drawn by repetition } 1/2-1/2

[Event "ICC tourney 2556 (25 5)"]
[Site "Internet Chess Club"]
[Date "2021.05.09"]
[Round "6"]
[White "SIZOVA, SOPHIA:K05-16858008"]
[Black "STINGLEY, MAX:K05-16512763"]
[Result "0-1"]
[ICCResult "White resigns"]
[WhiteElo "657"]
[BlackElo "1020"]
[Opening "Sicilian: Hungarian variation"]
[ECO "B27"]
[NIC "SI.43"]
[Time "13:32:05"]
[PlyCount "52"]
[TimeControl "1500+5"]

1. e4 c5 2. Nf3 g6 3. Bc4 Bg7 4. c3 e6 5. d4 cxd4 6. cxd4 Ne7 7. Nc3 d5 8.
Be2 dxe4 9. Nxe4 O-O 10. O-O Nd5 11. Bg5 Qb6 12. Qd2 Nc6 13. Bh6 Bxh6 14.
Qxh6 Nxd4 15. Nxd4 Qxd4 16. Nd6 Nf4 17. Rad1 Nxe2+ 18. Kh1 Qxb2 19. Ne4 Qg7
20. Qh4 f5 21. Ng5 Nc3 22. Rd6 Nd5 23. Nxe6 Bxe6 24. Rxe6 Rae8 25. Rfe1
Rxe6 26. Rxe6 Qa1+ { White resigns } 0-1

[Event "ICC tourney 2556 (25 5)"]
[Site "Internet Chess Club"]
[Date "2021.05.09"]
[Round "6"]
[White "THERESA VIJAYRAM, VANEESHA:K05-16365598"]
[Black "GOTETI, ISHAN:K05-17016988"]
[Result "0-1"]
[ICCResult "White checkmated"]
[WhiteElo "856"]
[BlackElo "516"]
[Opening "KGA: Cunningham defense"]
[ECO "C35"]
[NIC "KG.02"]
[Time "13:31:38"]
[PlyCount "154"]
[TimeControl "1500+5"]

1. e4 e5 2. f4 exf4 3. Nf3 Be7 4. d4 Bh4+ 5. Kd2 Be7 6. Nc3 d6 7. h3 Nf6 8.
Be2 Nc6 9. Ke1 O-O 10. Bxf4 Nh5 11. Bh2 Bh4+ 12. Kd2 Ng3 13. Bxg3 Bxg3 14.
Kc1 Bf4+ 15. Kb1 Bg5 16. h4 Be7 17. a3 Bg4 18. d5 Bxf3 19. gxf3 Ne5 20. h5
h6 21. f4 Nd7 22. Rg1 c6 23. Bd3 cxd5 24. Nxd5 Nb6 25. Nxe7+ Qxe7 26. Qg4
Qf6 27. Ka2 Na4 28. c3 Nc5 29. Bc2 Qe6+ 30. Qxe6 Nxe6 31. f5 Ng5 32. Rad1
Rad8 33. Rge1 Rfe8 34. Rd5 Re5 35. Red1 Nxe4 36. Bxe4 Rxe4 37. Rxd6 Rxd6
38. Rxd6 Re5 39. Rd7 Rxf5 40. Rxb7 a5 41. Kb3 Rxh5 42. Ka4 Rf5 43. Ra7 h5
44. Rxa5 Rxa5+ 45. Kxa5 h4 46. b4 h3 47. b5 h2 48. b6 h1=Q 49. Ka6 Qa8+ 50.
Kb5 Qxa3 51. b7 Qb3+ 52. Ka6 Qe6+ 53. Ka7 Qa2+ 54. Kb6 Qb3+ 55. Ka7 g5 56.
b8=Q+ Qxb8+ 57. Kxb8 g4 58. c4 g3 59. c5 g2 60. c6 g1=Q 61. c7 Qb6+ 62. Kc8
f5 63. Kd8 Qxc7+ 64. Kxc7 f4 65. Kd6 f3 66. Ke5 f2 67. Kf4 f1=Q+ 68. Kg3
Qf5 69. Kg2 Qf4 70. Kg1 Qf3 71. Kh2 Qg4 72. Kh1 Kf7 73. Kh2 Kf6 74. Kh1 Kf5
75. Kh2 Kf4 76. Kh1 Kf3 77. Kh2 Qg2# { White checkmated } 0-1

[Event "ICC tourney 2556 (25 5)"]
[Site "Internet Chess Club"]
[Date "2021.05.09"]
[Round "6"]
[White "KONDABATHINI, NAMISH:K05-16992657"]
[Black "SCOLLON, OWEN:K05-17108421"]
[Result "1-0"]
[ICCResult "Black checkmated"]
[WhiteElo "1076"]
[BlackElo "1513"]
[Opening "QGD: Harrwitz attack"]
[ECO "D35"]
[NIC "QO.16"]
[Time "13:31:09"]
[PlyCount "95"]
[TimeControl "1500+5"]

1. d4 d5 2. c4 e6 3. Nc3 Nf6 4. Bf4 Bd6 5. Bxd6 cxd6 6. cxd5 exd5 7. e3 a6
8. Nf3 O-O 9. Bd3 Bg4 10. h3 Bh5 11. O-O Nc6 12. Be2 Bg6 13. Qb3 Na5 14.
Qa4 b5 15. Qd1 Nc4 16. b3 Nb6 17. Bd3 Ne4 18. Ne2 Rc8 19. Nf4 Nc3 20. Qd2
Bxd3 21. Nxd3 Ne4 22. Qa5 Rc3 23. Nf4 Rc6 24. Qxa6 Nc3 25. Qa3 Nd7 26. Rfc1
Qb6 27. Rxc3 Rxc3 28. Nxd5 Qc6 29. Ne7+ Kh8 30. Nxc6 Rxc6 31. Rc1 Rxc1+ 32.
Qxc1 Nb8 33. Qc7 h6 34. Qxd6 Rc8 35. Ne5 f6 36. Ng6+ Kh7 37. Ne7 Rc1+ 38.
Kh2 Na6 39. Qxa6 Rc7 40. Qd6 Ra7 41. Qc5 Rd7 42. Nd5 h5 43. Qxb5 Rf7 44.
Qe8 Ra7 45. Qxh5+ Kg8 46. Qe8+ Kh7 47. Ne7 Kh6 48. Qg6# { Black checkmated
} 1-0

[Event "ICC tourney 2556 (25 5)"]
[Site "Internet Chess Club"]
[Date "2021.05.09"]
[Round "6"]
[White "WEST, VIVIAN:K05-30142565"]
[Black "DESHPANDE, OJAS AMIT:K05-16725875"]
[Result "0-1"]
[ICCResult "White checkmated"]
[WhiteElo "101"]
[BlackElo "829"]
[Opening "Vienna game"]
[ECO "C27"]
[NIC "VG.02"]
[Time "13:33:15"]
[PlyCount "66"]
[TimeControl "1500+5"]

1. e4 e5 2. Bc4 Nf6 3. Nc3 Nxe4 4. Nxe4 d5 5. Bb5+ c6 6. Bd3 dxe4 7. Bxe4
Bc5 8. d3 O-O 9. Nf3 Nd7 10. Bg5 Qb6 11. Nxe5 Bxf2+ 12. Kf1 Nxe5 13. Qh5 h6
14. Bxh6 Bg4 15. Qg5 g6 16. Bxf8 Kxf8 17. Qxe5 Re8 18. Qg5 Bh5 19. Qh6+ Ke7
20. Qf4 Be3 21. Qe5+ Kf8 22. Qh8+ Ke7 23. Qg7 Bd4 24. Qh6 Qxb2 25. Re1 Kd6
26. Qf4+ Be5 27. Qxf7 Re7 28. Qc4 g5 29. Re3 Qc1+ 30. Kf2 Rf7+ 31. Rf3 Qd2+
32. Kg1 Qe1+ 33. Rf1 Rxf1# { White checkmated } 0-1

[Event "ICC tourney 2556 (25 5)"]
[Site "Internet Chess Club"]
[Date "2021.05.09"]
[Round "6"]
[White "DEVARAJ, SIRI:K05-16369654"]
[Black "JAIN, KANISHK:K05-16575412"]
[Result "0-1"]
[ICCResult "White checkmated"]
[WhiteElo "1077"]
[BlackElo "537"]
[Opening "French defense"]
[ECO "C00"]
[NIC "FR.01"]
[Time "13:31:22"]
[PlyCount "56"]
[TimeControl "1500+5"]

1. e4 e6 2. Nf3 d5 3. e5 c5 4. c3 Nc6 5. d3 Bd7 6. Be3 b6 7. Be2 Nge7 8.
O-O Ng6 9. d4 c4 10. Nbd2 a6 11. Qc2 b5 12. Ne1 h5 13. Ndf3 h4 14. h3 Be7
15. Qd2 Qc7 16. Nc2 Nf8 17. Bg5 f6 18. exf6 gxf6 19. Bxh4 Ng6 20. Bg3 Bd6
21. Bxd6 Qxd6 22. Ne3 Nf4 23. Ng4 O-O-O 24. Nxf6 Rdf8 25. Nxd7 Nxh3+ 26.
Kh1 Ng5+ 27. Kg1 Nxf3+ 28. gxf3 Qh2# { White checkmated } 0-1

[Event "ICC tourney 2556 (25 5)"]
[Site "Internet Chess Club"]
[Date "2021.05.09"]
[Round "6"]
[White "CHANG LIU, NATHAN:K05-16650672"]
[Black "VENKATARAJA, LINGAADYAKSSH:K05-15495814"]
[Result "0-1"]
[ICCResult "White checkmated"]
[WhiteElo "1575"]
[BlackElo "1352"]
[Opening "St. George (Baker) defense"]
[ECO "B00"]
[NIC "VO.17"]
[Time "13:31:15"]
[PlyCount "56"]
[TimeControl "1500+5"]

1. e4 a6 2. d4 b5 3. Nf3 Bb7 4. Bd3 e6 5. O-O d6 6. c3 Nd7 7. Bf4 Ngf6 8.
Nbd2 h6 9. Bg3 g5 10. e5 dxe5 11. Nxe5 Rg8 12. Nxd7 Qxd7 13. Re1 h5 14. h3
h4 15. Bh2 g4 16. hxg4 Nxg4 17. Ne4 Be7 18. f3 Nxh2 19. Kxh2 Bd6+ 20. Kh1
Qe7 21. Nxd6+ Qxd6 22. Qe2 Qg3 23. Be4 Bxe4 24. fxe4 h3 25. Rg1 O-O-O 26.
Qf3 hxg2+ 27. Rxg2 Qxf3 28. Rg1 Rh8# { White checkmated } 0-1

[Event "ICC tourney 2556 (25 5)"]
[Site "Internet Chess Club"]
[Date "2021.05.09"]
[Round "6"]
[White "D BEAR, NICHOLAS:K05-16056078"]
[Black "KIRILOV SAKALIYSKI, CHRISTOPHER:K05-16115040"]
[Result "1-0"]
[ICCResult "Black checkmated"]
[WhiteElo "1706"]
[BlackElo "1446"]
[Opening "Queen's Pawn"]
[ECO "B07"]
[NIC "QO.17"]
[Time "13:31:39"]
[PlyCount "59"]
[TimeControl "1500+5"]

1. d4 d6 2. e4 g6 3. Bf4 Bg7 4. Nc3 Nf6 5. Qd2 Nc6 6. O-O-O O-O 7. f3 a6 8.
Bh6 b5 9. h4 e5 10. d5 Nd4 11. Kb1 b4 12. Nce2 Nxe2 13. Nxe2 a5 14. Ng3 Nh5
15. Nxh5 gxh5 16. Be2 Qf6 17. Bxg7 Kxg7 18. g4 hxg4 19. fxg4 Rg8 20. Rdf1
Qg6 21. h5 Qxe4 22. Qg5+ Kh8 23. Qf6+ Rg7 24. Bd3 Qxg4 25. Rhg1 Bd7 26.
Rxg4 Bxg4 27. h6 Rg8 28. hxg7+ Rxg7 29. Rh1 Kg8 30. Qd8# { Black checkmated
} 1-0

[Event "ICC tourney 2556 (25 5)"]
[Site "Internet Chess Club"]
[Date "2021.05.09"]
[Round "6"]
[White "ANG, TIMOTHY:K05-16772800"]
[Black "KRISHNAN, ASHVATH:K05-30042119"]
[Result "0-1"]
[ICCResult "White checkmated"]
[WhiteElo "896"]
[BlackElo "1226"]
[Opening "Scotch game"]
[ECO "C45"]
[NIC "SO.05"]
[Time "13:33:43"]
[PlyCount "44"]
[TimeControl "1500+5"]

1. e4 e5 2. Nf3 Nc6 3. d4 exd4 4. Nxd4 Bc5 5. Be3 Qf6 6. c3 Nge7 7. Bc4 d6
8. O-O O-O 9. Na3 Bxa3 10. bxa3 Be6 11. Qb3 Na5 12. Qb4 Nxc4 13. Nf3 h6 14.
Bd4 Ne5 15. Nd2 Qg6 16. Bxe5 Nc6 17. Qxb7 Nxe5 18. f4 Bh3 19. Rf2 Nd3 20.
Re2 Nxf4 21. Rf2 Bxg2 22. Qb2 Nh3# { White checkmated } 0-1

[Event "ICC tourney 2556 (25 5)"]
[Site "Internet Chess Club"]
[Date "2021.05.09"]
[Round "6"]
[White "ARORA, KABEER:K05-15760440"]
[Black "RATH, RIYAAN:K05-16839392"]
[Result "1-0"]
[ICCResult "Black checkmated"]
[WhiteElo "1040"]
[BlackElo "605"]
[Opening "Queen's pawn, Mason variation"]
[ECO "D00"]
[NIC "QP.08"]
[Time "13:32:43"]
[PlyCount "71"]
[TimeControl "1500+5"]

1. d4 d5 2. Bf4 Nc6 3. e3 Bf5 4. c4 e6 5. a3 Nf6 6. Nc3 Bd6 7. Bg3 Qe7 8.
Bd3 Bg6 9. Nf3 O-O 10. c5 Bxg3 11. hxg3 Ne4 12. Qc2 Rad8 13. Nxe4 dxe4 14.
Bxe4 Bxe4 15. Qxe4 g6 16. g4 Rfe8 17. g5 e5 18. Qh4 f5 19. gxf6 Qf7 20. Ng5
Qd7 21. f7+ Kf8 22. fxe8=Q+ Rxe8 23. Nxh7+ Kg7 24. Nf6 Qe7 25. Nxe8+ Qxe8
26. Qh7+ Kf8 27. Qh8+ Ke7 28. Qxe8+ Kxe8 29. O-O-O Ke7 30. Rh7+ Kd8 31.
dxe5+ Ke8 32. e6 Ne7 33. Rd7 Nc8 34. Rxc7 Kd8 35. Rxb7 a5 36. Rh8# { Black
checkmated } 1-0

[Event "ICC tourney 2556 (25 5)"]
[Site "Internet Chess Club"]
[Date "2021.05.09"]
[Round "6"]
[White "MACRAE RUML, HUGH:K05-30130694"]
[Black "BALIGAR, SELENA:K05-16364746"]
[Result "0-1"]
[ICCResult "White checkmated"]
[WhiteElo "206"]
[BlackElo "635"]
[Opening "Scandinavian (center counter) defense"]
[ECO "B01"]
[NIC "VO.17"]
[Time "13:37:32"]
[PlyCount "68"]
[TimeControl "1500+5"]

1. e4 d5 2. exd5 Qxd5 3. c4 Qd8 4. c5 e5 5. Qh5 Nc6 6. Bc4 g6 7. Qf3 Nf6 8.
g4 Bxg4 9. Qb3 Be6 10. Bxe6 fxe6 11. Qxe6+ Be7 12. Nf3 Qd7 13. Ng5 O-O-O
14. Qxd7+ Rxd7 15. O-O Bxc5 16. Ne6 Bb4 17. a3 Bd6 18. Nc3 h6 19. Nd5 Nxd5
20. Re1 Re8 21. d4 Rxe6 22. Bxh6 Nxd4 23. Rad1 Nc2 24. Re2 Nd4 25. Red2
Nf3+ 26. Kg2 Nxd2 27. Rxd2 c6 28. f4 Nxf4+ 29. Bxf4 exf4 30. Kf3 g5 31. h4
gxh4 32. b4 h3 33. Kg4 Rg6+ 34. Kxh3 Rh7# { White checkmated } 0-1

[Event "ICC tourney 2556 (25 5)"]
[Site "Internet Chess Club"]
[Date "2021.05.09"]
[Round "6"]
[White "KASALA, RUTHVIK:K05-16909342"]
[Black "UEZU, AUSTIN:K05-16532086"]
[Result "0-1"]
[ICCResult "White checkmated"]
[WhiteElo "867"]
[BlackElo "1196"]
[Opening "KP: Patzer opening"]
[ECO "C20"]
[NIC "KP.10"]
[Time "13:30:56"]
[PlyCount "120"]
[TimeControl "1500+5"]

1. e4 e5 2. Qh5 Nc6 3. Bc4 g6 4. Qf3 Nf6 5. Ne2 Bg7 6. d3 O-O 7. Nbc3 Nb4
8. Bb3 c6 9. a3 Na6 10. Bg5 Nc7 11. O-O d6 12. h3 Ne6 13. Bxf6 Qxf6 14.
Qxf6 Bxf6 15. f4 exf4 16. Nxf4 Bd4+ 17. Kh1 Nc5 18. Ba2 Bxc3 19. bxc3 Be6
20. Nxe6 fxe6 21. Kg1 d5 22. exd5 exd5 23. c4 d4 24. Rxf8+ Rxf8 25. Rf1
Rxf1+ 26. Kxf1 Kf7 27. Ke2 Ke6 28. Kf3 Kf5 29. g4+ Ke5 30. h4 a5 31. Bb3 a4
32. Ba2 Ne6 33. c5 Nxc5 34. Bg8 h6 35. Bf7 g5 36. hxg5 hxg5 37. Bg6 Ne6 38.
Be8 Nc5 39. Kg3 Na6 40. Bd7 Nc7 41. Kf2 Nd5 42. Bc8 b5 43. Bb7 Kd6 44. Kf3
Ne3 45. Ke4 Nxc2 46. Kf5 Nxa3 47. Kxg5 Nc2 48. Kf6 a3 49. g5 a2 50. g6 a1=Q
51. g7 Qf1+ 52. Kg6 Qg2+ 53. Kf7 Qf3+ 54. Kg6 Qg4+ 55. Kf6 Ne3 56. Kf7 Qf5+
57. Kg8 Ng4 58. Kh8 Qh5+ 59. Kg8 Nf6+ 60. Kf8 Qe8# { White checkmated } 0-1

[Event "ICC tourney 2556 (25 5)"]
[Site "Internet Chess Club"]
[Date "2021.05.09"]
[Round "6"]
[White "KOVARIK, OTTO:K05-30020818"]
[Black "SAHASRABUDHE, KIAN:K05-17071227"]
[Result "1-0"]
[ICCResult "Black checkmated"]
[WhiteElo "900"]
[BlackElo "121"]
[Opening "Nimzovich-Larsen attack: modern variation"]
[ECO "A01"]
[NIC "VO.08"]
[Time "13:33:13"]
[PlyCount "153"]
[TimeControl "1500+5"]

1. b3 e5 2. Bb2 Nc6 3. Nf3 d6 4. d3 Nf6 5. Nbd2 Be7 6. g3 O-O 7. Bg2 Bf5 8.
O-O Qd7 9. Re1 Bh3 10. e4 Bxg2 11. Kxg2 Rfd8 12. d4 exd4 13. Nxd4 Nxd4 14.
Bxd4 c5 15. Bb2 Rac8 16. Nc4 b5 17. Nd2 Qe8 18. Nf3 d5 19. e5 Nd7 20. e6
fxe6 21. Rxe6 Nf6 22. Bxf6 gxf6 23. Qe2 Rc7 24. Re1 Rdd7 25. Nh4 Qf8 26.
Qd1 Qf7 27. R1e2 Bf8 28. Nf5 Qg6 29. Nh4 Qg7 30. Qe1 h6 31. Nf5 Qg6 32. Nh4
Qg7 33. Qd2 Re7 34. Rxe7 Rxe7 35. Rxe7 Bxe7 36. Qd3 d4 37. Nf5 Qf8 38. Qe4
a5 39. Nxe7+ Kf7 40. Nd5 Qe8 41. Qh7+ Kf8 42. Qxh6+ Kf7 43. Qxf6+ Kg8 44.
Qf5 Kh8 45. Nf6 Qf7 46. Qxc5 Qxf6 47. Qxb5 Qg6 48. Qb8+ Kh7 49. Qc7+ Kh6
50. Qf4+ Kh7 51. g4 Qxc2 52. Qf5+ Qxf5 53. gxf5 Kg7 54. Kf3 Kf6 55. Ke4 d3
56. Kxd3 Kxf5 57. Kc4 Kg4 58. Kb5 Kf3 59. Kxa5 Kxf2 60. b4 Kg2 61. b5 Kxh2
62. b6 Kg3 63. b7 Kf4 64. b8=Q+ Ke4 65. Kb6 Kd4 66. Kc6 Ke4 67. a4 Kd4 68.
a5 Ke4 69. a6 Kd4 70. a7 Ke4 71. a8=Q Kd4 72. Qb4+ Ke5 73. Qe8+ Kf5 74.
Qbe4+ Kf6 75. Qf8+ Kg5 76. Qg2+ Kh5 77. Qh8# { Black checkmated } 1-0

[Event "ICC tourney 2556 (25 5)"]
[Site "Internet Chess Club"]
[Date "2021.05.09"]
[Round "6"]
[White "ZHANG, KYLIE:K05-16733661"]
[Black "JOSHUA RAJESH, AADITYA:K05-16964021"]
[Result "1-0"]
[ICCResult "Black checkmated"]
[WhiteElo "1453"]
[BlackElo "989"]
[Opening "King's pawn game"]
[ECO "C50"]
[NIC "IG.03"]
[Time "13:33:22"]
[PlyCount "61"]
[TimeControl "1500+5"]

1. e4 e5 2. Nf3 Nc6 3. Bc4 h6 4. d4 d6 5. dxe5 dxe5 6. Qxd8+ Kxd8 7. Bxf7
Nf6 8. Nc3 Bb4 9. Bd2 Bxc3 10. Bxc3 Nxe4 11. Bxe5 Nxe5 12. Nxe5 Rf8 13. f3
Ng5 14. O-O-O+ Ke7 15. Bb3 Bf5 16. Rhe1 Kf6 17. Nd7+ Bxd7 18. Rxd7 Rfd8 19.
Rxc7 b6 20. Rc6+ Kf5 21. h4 Nh7 22. Re4 Nf6 23. g4+ Kg6 24. Re7 Re8 25.
Bf7+ Kh7 26. Bxe8 Nxe8 27. h5 Kg8 28. f4 Nf6 29. Rcc7 Kf8 30. Rxg7 Ne8 31.
Rcf7# { Black checkmated } 1-0

[Event "ICC tourney 2556 (25 5)"]
[Site "Internet Chess Club"]
[Date "2021.05.09"]
[Round "6"]
[White "SINHA, AANVI:K05-16964627"]
[Black "LAU, MATTHEW:K05-16966164"]
[Result "0-1"]
[ICCResult "White checkmated"]
[WhiteElo "103"]
[BlackElo "554"]
[Opening "King's pawn game"]
[ECO "C50"]
[NIC "IG.03"]
[Time "13:32:34"]
[PlyCount "96"]
[TimeControl "1500+5"]

1. e4 e5 2. Nf3 Nc6 3. Bc4 Bb4 4. O-O Nf6 5. d4 Nxe4 6. Nxe5 Nxe5 7. dxe5
O-O 8. Bd3 Nc5 9. Bc4 Re8 10. Be3 Rxe5 11. Bd4 Re4 12. c3 Ba5 13. Bxc5 Rxc4
14. Bd4 d5 15. Na3 Rc6 16. b4 Bb6 17. Bxb6 Rxb6 18. c4 Rxb4 19. cxd5 Bg4
20. f3 Bf5 21. Qd2 Ra4 22. Nc2 Bxc2 23. Qxc2 Rd4 24. Qb3 Rxd5 25. Qxb7 h6
26. Qb3 Rb8 27. Qc3 c5 28. Qc4 Rc8 29. Qf4 c4 30. Rfc1 c3 31. Qe4 Rd2 32.
Re1 c2 33. Rac1 Rd1 34. Kf1 Rxc1 35. Rxc1 Qd1+ 36. Qe1 Qd3+ 37. Kf2 Rb8 38.
Qe4 Qd2+ 39. Kg3 Qxc1 40. f4 Qd1 41. f5 c1=Q 42. Qe5 Qe1+ 43. Kf3 Qxe5 44.
Kg4 Qe4+ 45. Kh3 Qc3+ 46. g3 Qxf5+ 47. Kh4 Rb4+ 48. g4 Qxg4# { White
checkmated } 0-1

[Event "ICC tourney 2556 (25 5)"]
[Site "Internet Chess Club"]
[Date "2021.05.09"]
[Round "6"]
[White "LANG, CONNOR:K05-15878215"]
[Black "SRIVASTAVA KHARE, AVNI:K05-16824142"]
[Result "1-0"]
[ICCResult "Black resigns"]
[WhiteElo "1275"]
[BlackElo "780"]
[Opening "King's Indian defense, 3.Nc3"]
[ECO "E61"]
[NIC "KI.80"]
[Time "13:33:16"]
[PlyCount "75"]
[TimeControl "1500+5"]

1. d4 Nf6 2. c4 g6 3. Nc3 Bg7 4. Nf3 e6 5. e4 d6 6. Bd3 Nc6 7. O-O e5 8. d5
Ne7 9. Bg5 c6 10. h3 cxd5 11. cxd5 O-O 12. Re1 h6 13. Bh4 g5 14. Bg3 Ng6
15. Nh2 h5 16. Nf3 g4 17. hxg4 hxg4 18. Nh4 Nh5 19. Nf5 Bxf5 20. exf5 Nxg3
21. fxg3 Ne7 22. Rf1 Bf6 23. Qxg4+ Kh8 24. Qh5+ Kg8 25. Qg4+ Kh8 26. Kf2
Qb6+ 27. Ke2 Bg7 28. Rh1+ Kg8 29. f6 Ng6 30. fxg7 Kxg7 31. Rab1 Rae8 32.
Bxg6 fxg6 33. Qd7+ Rf7 34. Rh7+ Kxh7 35. Qxf7+ Kh6 36. Qxe8 Qa6+ 37. Qb5
Qxb5+ 38. Nxb5 { Black resigns } 1-0

[Event "ICC tourney 2556 (25 5)"]
[Site "Internet Chess Club"]
[Date "2021.05.09"]
[Round "6"]
[White "TAITT, ANAIYA:K05-16452296"]
[Black "SHELLEY, AKSHAT:K05-16824163"]
[Result "1-0"]
[ICCResult "Black checkmated"]
[WhiteElo "443"]
[BlackElo "846"]
[Opening "Scotch opening"]
[ECO "C44"]
[NIC "KP.10"]
[Time "13:32:37"]
[PlyCount "63"]
[TimeControl "1500+5"]

1. e4 e5 2. Nf3 Nc6 3. d4 d6 4. Bb5 a6 5. Bc4 Nf6 6. Nc3 Be6 7. Be2 d5 8.
exd5 Bxd5 9. Nxd5 Qxd5 10. dxe5 Qxd1+ 11. Bxd1 Ne4 12. O-O Bc5 13. Bg5 Nxg5
14. Nxg5 Nxe5 15. Re1 f6 16. Bh5+ g6 17. Bg4 Bb4 18. Re2 fxg5 19. Rxe5+ Be7
20. Rae1 O-O 21. Rxe7 Rad8 22. Be6+ Kh8 23. g4 Rd2 24. Re5 Rfxf2 25. Re8+
Kg7 26. Rg8+ Kf6 27. Re3 Rxc2 28. Rf8+ Kg7 29. Rxf2 Rc1+ 30. Kg2 Rc6 31.
Rf7+ Kh6 32. Rh3# { Black checkmated } 1-0

[Event "ICC tourney 2556 (25 5)"]
[Site "Internet Chess Club"]
[Date "2021.05.09"]
[Round "6"]
[White "CALLENS, JAEL:K05-17208461"]
[Black "SHASTI RAVISHANKAR, SEIYON:K05-17047610"]
[Result "1-0"]
[ICCResult "Black checkmated"]
[WhiteElo "1207"]
[BlackElo "705"]
[Opening "Scotch opening"]
[ECO "C44"]
[NIC "KP.10"]
[Time "13:33:55"]
[PlyCount "79"]
[TimeControl "1500+5"]

1. e4 e5 2. Nf3 Nc6 3. d4 f6 4. d5 Nce7 5. c4 d6 6. Be2 Bd7 7. O-O Nc8 8.
Nc3 Nb6 9. Be3 c5 10. a3 Bg4 11. Qd3 Ne7 12. b4 cxb4 13. axb4 g6 14. c5
dxc5 15. bxc5 Nbc8 16. Rab1 Qd7 17. Qd2 f5 18. exf5 gxf5 19. Nxe5 Qc7 20.
Nxg4 fxg4 21. d6 Qc6 22. dxe7 Bxe7 23. Bb5 Qxb5 24. Nxb5 Bf6 25. Nc7+ Kf8
26. Bh6+ Kf7 27. Qd7+ Kg6 28. Nxa8 Be5 29. Be3 Rf8 30. Qxg4+ Kf6 31. Bg5+
Kg6 32. Be7+ Kf7 33. Bxf8 Kxf8 34. Qxc8+ Kf7 35. Rxb7+ Kg6 36. Qg4+ Kh6 37.
Qe6+ Kh5 38. Qxe5+ Kh4 39. Rxh7+ Kg4 40. f3# { Black checkmated } 1-0

[Event "ICC tourney 2556 (25 5)"]
[Site "Internet Chess Club"]
[Date "2021.05.09"]
[Round "6"]
[White "MCGRORY, EAMONN:K05-16885888"]
[Black "RAJAMANIKANDAN, DHAVA:K05-15601294"]
[Result "0-1"]
[ICCResult "White checkmated"]
[WhiteElo "357"]
[BlackElo "877"]
[Opening "King's pawn game"]
[ECO "C50"]
[NIC "IG.03"]
[Time "13:31:51"]
[PlyCount "68"]
[TimeControl "1500+5"]

1. e4 e5 2. Nf3 Nc6 3. Bc4 h6 4. O-O Nf6 5. d3 Be7 6. Be3 O-O 7. Nc3 Na5 8.
Nh4 d6 9. Qf3 Ng4 10. Qg3 Nxe3 11. Qxe3 Bxh4 12. Qf3 Nxc4 13. dxc4 f5 14.
exf5 Rxf5 15. Qe4 Rf7 16. Qd5 Qf6 17. Qd2 Be6 18. Rae1 Bxc4 19. Re2 Bxe2
20. Qxe2 Raf8 21. Nd1 d5 22. c3 e4 23. b4 b6 24. g3 Bg5 25. c4 dxc4 26. f4
b5 27. Ne3 Qb6 28. h4 Be7 29. a4 c6 30. a5 Qc7 31. Ng4 Bxb4 32. Qxe4 Bc5+
33. Kh1 Qc8 34. Ne5 Qh3# { White checkmated } 0-1

[Event "ICC tourney 2556 (25 5)"]
[Site "Internet Chess Club"]
[Date "2021.05.09"]
[Round "6"]
[White "FRANCO PRASANNA, KEVIN:K05-15771571"]
[Black "JAMES KONG, MILO:K05-16203724"]
[Result "0-1"]
[ICCResult "White checkmated"]
[WhiteElo "1346"]
[BlackElo "1570"]
[Opening "French defense"]
[ECO "C01"]
[NIC "FR.01"]
[Time "13:30:46"]
[PlyCount "38"]
[TimeControl "1500+5"]

1. e4 e6 2. d4 b6 3. Nc3 Bb7 4. a3 Nf6 5. Bg5 Be7 6. Bd3 d5 7. e5 Nfd7 8.
Bxe7 Qxe7 9. Nb5 Nf8 10. Nf3 Ng6 11. Nc3 c5 12. Nxd5 Bxd5 13. dxc5 Qxc5 14.
b4 Qc3+ 15. Nd2 Qxe5+ 16. Be2 Nf4 17. c4 Bxg2 18. Qa4+ b5 19. Qd1 Nd3# {
White checkmated } 0-1

[Event "ICC tourney 2556 (25 5)"]
[Site "Internet Chess Club"]
[Date "2021.05.09"]
[Round "6"]
[White "EVDOKIMOV, TIMOFEY:K05-16592703"]
[Black "XIA, RUOXIAO:K05-16025390"]
[Result "0-1"]
[ICCResult "White checkmated"]
[WhiteElo "850"]
[BlackElo "1921"]
[Opening "Sicilian defense"]
[ECO "B20"]
[NIC "SI.48"]
[Time "13:33:10"]
[PlyCount "58"]
[TimeControl "1500+5"]

1. e4 c5 2. Bc4 e6 3. a3 a6 4. Nc3 b5 5. Ba2 Bb7 6. d3 Be7 7. Be3 Nf6 8. e5
Bxg2 9. exf6 Bxf6 10. Bxc5 Bxh1 11. Nf3 Qc7 12. d4 Qc6 13. Nd2 d6 14. Bb4
a5 15. d5 exd5 16. Qe2+ Kd7 17. Qg4+ Kc7 18. Nxd5+ Bxd5 19. Bxd5 Qxd5 20.
Bc3 Re8+ 21. Kd1 Qh1+ 22. Nf1 Qxf1+ 23. Kd2 Bxc3+ 24. Kxc3 Qxa1 25. Qxg7
b4+ 26. axb4 axb4+ 27. Kb3 Qa2+ 28. Kxb4 Ra4+ 29. Kb5 Qc4# { White
checkmated } 0-1